 Dungeon Crawl Stone Soup version 0.21.1-1-g345015fe64 (webtiles) character file.

1826 Oravi the Slicer (level 9, -6/55 HPs)
             Began as a Halfling Fighter on Mar 29, 2018.
             Killed from afar by an electric eel (12 damage)
             ... with a bolt of electricity
             ... on level 7 of the Dungeon.
             The game lasted 00:35:53 (8691 turns).

Oravi the Slicer (Halfling Fighter)                 Turns: 8691, Time: 00:35:54

Health: -6/55      AC: 13    Str: 20    XL:     9   Next: 32%
Magic:  9/9        EV: 11    Int:  6    God:
Gold:   235        SH: 11    Dex: 14    Spells: 8/8 levels left

rFire    . . .     SeeInvis +   a - +0 rapier
rCold    . . .     Gourm    .   c - +1 shield
rNeg     . . .     Faith    .   d - +3 ring mail of the Furies {SInv}
rPois    .         Spirit   .   i - +1 helmet
rElec    .         Reflect  .   x - +0 cloak
rCorr    +         Harm     .   s - +0 pair of gloves
MR       .....                  (no boots)
Stlth    +.........             r - amulet of rage
HPRegen  0.18/turn              v - ring of resist corrosion
MPRegen  0.11/turn              t - ring of flight

@: no status effects
A: small, mutation resistance 1
a: Evoke Berserk Rage, Evoke Flight


You were on level 7 of the Dungeon.
You were not hungry.

You visited 2 branches of the dungeon, and saw 8 of its levels.

You collected 268 gold pieces.
You spent 33 gold pieces at shops.

Inventory:

Hand Weapons
 a - a +0 rapier (weapon)
Missiles
 e - 245 stones (quivered)
 m - 26 sling bullets
Armour
 c - a +1 shield (worn)
 d - the +3 ring mail of the Furies (worn) {SInv}
   (You found it on level 4 of the Dungeon)

   It lets you see invisible.
 h - a +0 scale mail of poison resistance
 i - a +1 helmet (worn)
 s - a +0 pair of gloves (worn)
 x - a +0 cloak (worn)
Jewellery
 r - an amulet of rage (around neck)
 t - a ring of flight (right hand)
 v - a ring of resist corrosion (left hand)
 y - an uncursed ring of positive energy {unknown}
 A - a +3 ring of protection {unknown}
Wands
 b - a wand of enslavement (11)
 o - a wand of digging (25)
Scrolls
 g - 4 scrolls of teleportation
 k - 6 scrolls of identify
 l - 4 scrolls of remove curse
 w - 2 scrolls of fog
Potions
 j - 2 potions of lignification
 n - a potion of cancellation
 p - 2 potions of curing
 q - a potion of agility
 u - a potion of haste
Comestibles
 f - 11 rations


   Skills:
 - Level 2.6 Fighting
 - Level 12.6 Short Blades
 + Level 4.1 Armour
 + Level 1.8 Dodging
 + Level 4.1 Shields
 + Level 0.7 Evocations


You had 8 spell levels left.
You didn't know any spells.

Dungeon Overview and Level Annotations

Branches:
Dungeon (7/15)             Temple (1/1) D:5

Altars:
Ashenzari
Cheibriados
Dithmenos
Elyvilon
Fedhas
Gozag
Hepliaklqana
Kikubaaqudgha
Makhleb
Nemelex Xobeh
Qazlal
Ru
Sif Muna
Trog
Uskayaw
Vehumet
Xom
Yredelemnul
Zin
The Shining One

Shops:
D:6 [   D:7 !*=%


Innate Abilities, Weirdness & Mutations

You are small and have problems with some larger weapons.
You are somewhat resistant to further mutation.


Message History

The electric eel is almost dead.
You completely miss the electric eel.
The electric eel is almost dead.
You hit the electric eel.
You kill the electric eel!
You enter the shallow water.
Moving in this stuff is going to be slow.
The electric eel shoots out a bolt of lightning at you!
The bolt of electricity misses you.
The electric eel shoots out a bolt of lightning at you!
The bolt of electricity hits you!
The electric eel shoots out a bolt of lightning at you!
The bolt of electricity hits the plant.
The bolt of electricity hits you!
The electric eel shoots out a bolt of lightning at you!
The bolt of electricity hits the plant.
The bolt of electricity hits you!
* * * LOW HITPOINT WARNING * * *
Okay, then.
The electric eel shoots out a bolt of lightning at you!
The bolt of electricity hits the plant.
The bolt of electricity hits you!
You die...

.................###.≈≈≈≈..# #.#
.................###.≈P≈≈..# #.#
..................#..P≈≈≈P...#.#
..................#.≈≈≈≈≈≈...#.#
..###..##...........≈≈≈≈≈P≈..#.#
.....................≈≈≈≈≈≈..#.#
......####......>..≈.P≈≈≈≈...#.#
..##### #.........≈≈≈≈≈P≈...#.#
...### #......@...≈≈≈≈≈....#.#
##...# #######....≈≈≈≈≈..#.#.#
###.# #......P;≈≈≈≈≈≈.#.#.# #.#
#.###...;≈≈≈≈P..#.#.# #.###
#....≈≈≈≈≈.≈.#.#.# #...##
#..P≈≈≈≈≈≈.≈..#.#.# ###..#
....≈≈≈≈≈≈≈≈.....#.# #...#
#..≈P≈≈≈≈P≈....#.#.# #...#
###≈≈≈≈≈≈≈....##.#.#


You could see an electric eel and a friendly electric eel.

Vanquished Creatures
  Eustachio (D:5)
  A hungry ghost (D:7)
  Edmund (D:5)
  An ice beast (D:6)
  A necrophage (D:6)
  The ghost of Fuxmar the Magician, an amateur HuWz (D:3)
  A centaur (D:5)
  5 bullfrogs
  A scorpion (D:7)
  2 jellies (D:6)
  2 howler monkeys
  An electric eel (D:7)
  A crimson imp (D:4)
  A centaur zombie (D:5)
  3 orc wizards
  An orc priest (D:7)
  Crazy Yiuf (D:5)
  2 hounds
  Natasha (D:3)
  3 worker ants
  Robin (D:3)
  7 gnolls
  3 worms
  2 dart slugs
  5 leopard geckos
  16 orcs
  9 bats
  2 giant cockroaches
  12 goblins
  13 hobgoblins
  5 jackals
  7 kobolds
  5 frilled lizards
  5 rats
123 creatures vanquished.

Notes
Turn   | Place    | Note
-------+----------+-------------------------------------------
     0 | D:1      | Oravi the Halfling Fighter began the quest for the Orb.
     0 | D:1      | Reached XP level 1. HP: 15/15 MP: 1/1
    73 | D:1      | Reached skill level 3 in Short Blades
    80 | D:1      | Reached XP level 2. HP: 13/20 MP: 2/2
   441 | D:1      | Reached skill level 4 in Short Blades
   441 | D:1      | Reached XP level 3. HP: 9/25 MP: 3/3
  1346 | D:2      | Found a hazy altar of Hepliaklqana.
  1346 | D:2      | Found a shattered altar of Ashenzari.
  1621 | D:2      | Reached XP level 4. HP: 19/30 MP: 4/4
  1627 | D:2      | Reached skill level 5 in Short Blades
  2122 | D:3      | Noticed Fuxmar's ghost (amateur HuWz)
  2318 | D:3      | Found a burning altar of Makhleb.
  2363 | D:3      | Noticed Natasha
  2380 | D:3      | Killed Natasha
  2380 | D:3      | Reached XP level 5. HP: 23/35 MP: 5/5
  2417 | D:3      | Noticed Robin
  2424 | D:3      | Reached skill level 6 in Short Blades
  2438 | D:3      | Killed Robin
  2936 | D:3      | Killed Fuxmar's ghost
  2936 | D:3      | Reached skill level 7 in Short Blades
  2936 | D:3      | Reached XP level 6. HP: 33/41 MP: 6/6
  3281 | D:4      | Reached skill level 8 in Short Blades
  3584 | D:4      | Reached XP level 7. HP: 41/45 MP: 7/7
  3659 | D:4      | Reached skill level 9 in Short Blades
  3902 | D:4      | Got a bloodstained ring mail
  3913 | D:4      | Identified the +3 ring mail of the Furies {SInv} (You found it on level 4 of the Dungeon)
  4145 | D:4      | Got a dazzling leather armour
  4156 | D:4      | Identified the cursed +0 leather armour "Jemmoiff" {rElec rN+ Str-5} (You found it on level 4 of the Dungeon)
  4205 | D:5      | Entered Level 5 of the Dungeon
  4386 | D:5      | Noticed Edmund
  4413 | D:5      | Killed Edmund
  4413 | D:5      | Reached skill level 10 in Short Blades
  4413 | D:5      | Reached XP level 8. HP: 36/51 MP: 8/8
  4595 | D:5      | Found a snail-covered altar of Cheibriados.
  4717 | D:5      | Noticed Eustachio
  4878 | D:5      | Found a runed door.
  4980 | D:5      | Found a staircase to the Ecumenical Temple.
  4989 | Temple   | Entered the Ecumenical Temple
  5425 | D:5      | Killed Eustachio
  5817 | D:5      | Noticed Crazy Yiuf
  5823 | D:5      | Killed Crazy Yiuf
  5975 | D:6      | Reached skill level 11 in Short Blades
  6470 | D:6      | Found Xuoxteot's Antique Armour Boutique.
  6712 | D:6      | Reached skill level 12 in Short Blades
  6805 | D:6      | Found a deep blue altar of Sif Muna.
  6916 | D:7      | Found Uboskep's Distillery.
  6993 | D:7      | Reached XP level 9. HP: 30/55 MP: 9/9
  7248 | D:7      | Found a blossoming altar of Fedhas.
  7541 | D:7      | Found Nunt's General Store.
  7545 | D:7      | Bought a scroll of teleportation for 33 gold pieces
  7584 | D:7      | Found a bloodstained altar of Trog.
  7898 | D:7      | Reached skill level 1 in Dodging
  8057 | D:7      | Found Dufi's Jewellery Shoppe.
  8060 | D:7      | Found Paiwn's Food Boutique.
  8158 | D:7      | Found a sparkling altar of Nemelex Xobeh.
  8158 | D:7      | Found an opulent altar of Gozag.
  8165 | D:7      | Found a hide-covered altar of Uskayaw.
  8167 | D:7      | Found a sacrificial altar of Ru.
  8691 | D:7      | Killed from afar by an electric eel

Skill      XL: |  1  2  3  4  5  6  7  8  9 |
---------------+----------------------------+-----
Short Blades   | 3 4 5 7 8 10 12 | 12.6
Dodging        | 1 |  1.8
Armour         | 4 |  4.1
Shields        | 4 |  4.1
Fighting       | |  2.6
Evocations     | |  0.7

Action                   |  1- 3 |  4- 6 |  7- 9 || total
-------------------------+-------+-------+-------++-------
Melee: Rapier            |   109 |   167 |   352 ||   628
 Abil: Evoke Flight      |       |       |     2 ||     2
       Stop Flying       |       |       |     1 ||     1
Evoke: Wand              |       |       |     3 ||     3
  Use: Scroll            |       |    13 |     2 ||    15
       Potion            |       |     2 |     5 ||     7
  Eat: Chunk             |     2 |     7 |    10 ||    19
       Ration            |       |       |     3 ||     3
Armor: Scale mail        |    58 |    52 |     6 ||   116
       Ring mail         |       |       |   104 ||   104
Dodge: Dodged            |    39 |    38 |    85 ||   162
Block: Shield            |    68 |    72 |   153 ||   293
